 Dungeon Crawl Stone Soup version 0.30.1-3-gfc49f6343a (webtiles) character file.

Game seed: 11744967381355615031

0 sampeng1 the Sneak (level 1, 15/15 HPs)
             Began as a Human Wanderer on July 30, 2023.
             Quit the game on level 1 of the Dungeon.
             The game lasted 00:01:29 (128 turns).

sampeng1 the Sneak (Human Wanderer)                  Turns: 128, Time: 00:01:30

Health: 15/15      AC:  3    Str:  9    XL:     1   Next: 11%
Magic:  3/3        EV: 11    Int: 13    God:
Gold:   35         SH:  0    Dex: 14    Spells: 3/4 levels left

rFire   . . .        a - +0 sling
rCold   . . .        (no shield)
rNeg    . . .        d - +0 robe
rPois   .            (no helmet)
rElec   .            (no cloak)
rCorr   .            (no gloves)
SInv    .            b - +0 pair of boots
Will    .....        (no amulet)
Stlth   ++           (no ring)
HPRegen 0.22/turn    (no ring)
MPRegen 0.08/turn

%: no passive effects
@: no status effects
A: no striking features
a: no special abilities


You were on level 1 of the Dungeon.
You visited 1 branch of the dungeon, and saw 1 of its levels.

You collected 35 gold pieces.

Inventory:

Hand Weapons
 a - a +0 sling (weapon)
Missiles
 f - 7 stones (quivered)
Armour
 b - a +0 pair of boots (worn)
 d - a +0 robe (worn)
Potions
 c - a potion of attraction
 e - a potion of ambrosia {unknown}


   Skills:
 + Level 1.0 Fighting
 + Level 1.0 Ranged Weapons
 + Level 1.0 Throwing
 + Level 3.0 Stealth
 + Level 2.0 Spellcasting
 + Level 2.0 Air Magic


You had 3 spell levels left.
You knew the following spells:

 Your Spells              Type           Power      Damage    Failure   Level
a - Shock                 Conj/Air       12%        1d3       17%         1

Your spell library contained the following spells:

 Spells                   Type           Power      Damage    Failure   Level
 Poisonous Vapours        Pois/Air       6%         N/A       26%         2
 Cigotuvi's Dreadful Rot  Necr/Pois/Air  6%         N/A       28%         2


Dungeon Overview and Level Annotations

Branches:
Dungeon (1/15)

Altars:


Message History

You throw a stone. The stone closely misses the bat.
The bat hits you but does no damage.
Throw: 4 stones
Press: ? - help, Q - select action, (/) - cycle Shift-Dir - straight line, f/p - bat
Aim: a bat (severely wounded, 42% to hit)
You throw a stone. The stone barely misses the bat.
The bat hits you but does no damage.
Your magical contamination has completely faded away.
Throw: 3 stones
Press: ? - help, Q - select action, (/) - cycle Shift-Dir - straight line, f/p - bat
Aim: a bat (severely wounded, 42% to hit)
You throw a stone. The stone closely misses the bat.
The bat hits you but does no damage.
Throw: 2 stones
Press: ? - help, Q - select action, (/) - cycle Shift-Dir - straight line, f/p - bat
Aim: a bat (severely wounded, 42% to hit)
You throw a stone. The stone closely misses the bat.
The bat hits you but does no damage.
Throw: stone
Press: ? - help, Q - select action, (/) - cycle Shift-Dir - straight line, f/p - bat
Aim: a bat (severely wounded, 42% to hit)
You throw a stone. The stone misses the bat.
The bat barely misses you.
Fire: a) +0 sling
Press: ? - help, Q - select action, (/) - cycle Shift-Dir - straight line, f/p - bat
Aim: a bat (severely wounded, 37% to hit)
You shoot a sling bullet. The sling bullet hits the bat.
You kill the bat!
Magic restored.
You now have 35 gold pieces (gained 8).
Found 7 stones.
e - a silvery potion
Found a stone staircase leading down.
You see here 7 stones.
f - 7 stones A hobgoblin comes into view.
The hobgoblin shouts!
An endoplasm comes into view.
Unknown command.
Are you sure you want to abandon this character and quit the game? (Confirm with "yes".)

... ..# .. ..# #..
#.. #.# #.###.#
#..#J# #...# #@g.#
#.### #######.####
#..........#
#..........#
#.......>..# ##
#..........##..##
#...................
#..........###.###.#


You could see an endoplasm and a hobgoblin.

Vanquished Creatures
  A bat (D:1)
1 creature vanquished.

Notes
Turn   | Place    | Note
-------+----------+-------------------------------------------
     0 | D:1      | sampeng1 the Human Wanderer began the quest for the Orb.
     0 | D:1      | sampeng1 set off with the following items: a +0 sling, a +0
                  | pair of boots, a potion of attraction, a +0 robe; and the
                  | following spell memorised: Shock; and the following spells
                  | available to memorise: Poisonous Vapours, Cigotuvi's
                  | Dreadful Rot.
     0 | D:1      | Reached XP level 1. HP: 15/15 MP: 3/3
   128 | D:1      | Quit the game

Illustrated notes

Levels and vault maps discovered:
D:1:      tekkud_arrival_beachfront_property, layout_rooms, minmay_tripent

Action                     || total
---------------------------++-------
   Fire: Sling             ||     2
  Throw: Stone             ||     7
   Cast: Shock             ||     2
 Armour: Robe              ||     9
  Dodge: Dodged            ||     4
